 Dungeon Crawl Stone Soup version 0.30-a0-160-gcfceee88d3 (webtiles) character file.

Game seed: 9845813891286961177

785 qw the Chopper (level 7, -2/43 HPs)
             Began as a Gargoyle Fighter on Sept 27, 2022.
             Was a Follower of Okawaru.
             Slain by a gnoll sergeant
             ... wielding a +2 trident of protection
              (5 damage)
             ... on level 5 of the Dungeon.
             The game lasted 00:01:36 (4624 turns).

qw the Chopper (Gargoyle Fighter)                   Turns: 4624, Time: 00:01:36

Health: -2/43      AC: 20    Str: 22    XL:     7   Next: 86%
Magic:  7/9        EV:  8    Int:  8    God:    Okawaru [*.....]
Gold:   172        SH:  5    Dex:  9    Spells: 6/6 levels left

rFire   . . .      SeeInvis .    Y - +1 war axe
rCold   . . .      Faith    .    c - +0 buckler
rNeg    + + .      Spirit   .    o - +0 plate armour
rPois   inf        Reflect  .    n - +0 helmet
rElec   +          Harm     .    (no cloak)
rCorr   +          Rampage  .    (no gloves)
Will    .....                    (no boots)
Stlth   ..........               (no amulet)
HPRegen 0.14/turn                g - ring of positive energy
MPRegen 0.11/turn                m - ring of resist corrosion

@: about to teleport, heroic
A: sickness immunity, AC +4, negative energy resistance 1, electricity
resistance, torment resistance 1, petrification resistance
a: Renounce Religion, Heroism


You were on level 5 of the Dungeon.
You worshipped Okawaru.
Okawaru was aware of your devotion.
You visited 1 branch of the dungeon, and saw 5 of its levels.

You collected 172 gold pieces.


Innate Abilities, Weirdness & Mutations

You are immune to sickness and miasma.
Your stone body is resilient. (AC +4)
You are immune to poison.
You resist negative energy. (rN+)
You are resistant to electric shocks. (rElec)
You are resistant to unholy torment.
You are immune to petrification.


   Skills:
 - Level 4.0(9.0) Fighting
 - Level 7.0(12.0) Axes
 + Level 3.4(8.4) Armour
 - Level 1.1(6.1) Dodging
 - Level 3.2(8.2) Shields
 + Level 2.8 Invocations


You had 6 spell levels left.
You didn't know any spells.
Your spell library was empty.

Inventory:

Hand Weapons
 l - a +0 flail
 Y - a +1 war axe (weapon)
Armour
 c - a +0 buckler (worn)
 n - a +0 helmet (worn)
 o - a +0 plate armour (worn)
Jewellery
 g - a ring of positive energy (left hand)
 m - a ring of resist corrosion (right hand)
Scrolls
 a - 2 scrolls of identify
 i - a scroll of teleportation
Potions
 b - a potion of haste
 d - a potion of might
 e - a potion of attraction
 f - a potion of cancellation {unknown}
 h - a potion of curing

Dungeon Overview and Level Annotations

Branches:
Dungeon (5/15)
 Temple: D:4-7

Altars:
Cheibriados
Elyvilon
Fedhas
Okawaru
Qazlal
Sif Muna


Message History

You gain the combat prowess of a mighty hero.
The gnoll sergeant hits you but does no damage.
You block the gnoll's attack.
You slash the gnoll!
The gnoll is almost dead.
You hit the gnoll.
You kill the gnoll!
Okawaru accepts your kill.
The gnoll sergeant barely misses you. 2 gnolls come into view.
The gnoll shouts! x2
The gnoll sergeant hits you but does no damage.
You see here a +0 flail of draining.
You hit the gnoll sergeant.
The gnoll sergeant is lightly wounded.
You barely miss the gnoll. The gnoll hits you but does no damage.
The gnoll sergeant hits you but does no damage.
You hit the gnoll sergeant but do no damage.
The gnoll sergeant is lightly wounded.
You barely miss the gnoll.
The gnoll hits you from afar with a +0 halberd.
The gnoll sergeant closely misses you. The gnoll hits you with a +0 club.
You barely miss the gnoll sergeant.
The gnoll sergeant is lightly wounded.
You barely miss the gnoll.
The gnoll hits you from afar with a +0 halberd.
The gnoll sergeant hits you with a +2 trident of protection!
4623 ||| READING 2 scrolls of teleportation.
As you read the scroll of teleportation, it crumbles to dust.
You feel strangely unstable.
The gnoll hits you from afar with a +0 halberd.
The gnoll sergeant hits you but does no damage.
The gnoll hits you with a +0 club.
You hit the gnoll sergeant.
The gnoll sergeant is lightly wounded.
You closely miss the gnoll. The gnoll hits you but does no damage.
The gnoll sergeant hits you with a +2 trident of protection.
You die...

....¤¤~....#####.
._.¤.¤¤¤##.#
¤.¤^.^..##.#
~.^~#~..##.#
^¤..#~..##.# #
¤¤¤###~.##.## .#
^¤ ^.¤...#..# #.#
##
......##.###..#...
......##@g#.....#
........#g....#
...[.##.##g)###
................g.
. ...............
##......(...###
#..........#
############


You could see a gnoll sergeant and 2 gnolls.

Vanquished Creatures
  An ogre (D:4)
  A phantom (D:4)
  A scorpion (D:3)
  4 wights (D:4)
  A jelly (D:3)
  2 iguanas
  4 orc wizards
  5 gnolls
  7 adders
  3 dart slugs
  13 orcs
  5 ball pythons
  3 endoplasms
  3 giant cockroaches
  10 goblins
  4 hobgoblins
  8 jackals (D:1)
  5 quokkas
  A bat (D:2)
  3 frilled lizards
  8 kobolds
  3 rats (D:1)
95 creatures vanquished.

Notes
Turn   | Place    | Note
-------+----------+-------------------------------------------
     0 | D:1      | qw the Gargoyle Fighter began the quest for the Orb.
     0 | D:1      | Reached XP level 1. HP: 14/14 MP: 1/1
     0 | D:1      | 0 ||| qw: Version: 0.2-a-10-g37ed214
     0 | D:1      | 0 ||| qw: Game counter: 607
     0 | D:1      | 0 ||| qw: Always use a shield: true
     0 | D:1      | 0 ||| qw: God list: Okawaru
     0 | D:1      | 0 ||| qw: Allow faded altars: false
     0 | D:1      | 0 ||| qw: Do Orc after D:15 true
     0 | D:1      | 0 ||| qw: Do second Lair branch before Depths: true
     0 | D:1      | 0 ||| qw: Lair rune preference: random
     0 | D:1      | 0 ||| qw: Plans: Normal, Zot:1-4, God:TSO, Crypt, Tomb,
                  | Pan, Slime:5, Hells, Abyss, Orb
     0 | D:1      | 0 ||| PLANNING D:1-11
    55 | D:1      | 55 ||| Stepping ~*~*~tactically~*~*~ (stealth).
    60 | D:1      | Reached skill level 2 in Axes
    65 | D:1      | 65 ||| Stepping ~*~*~tactically~*~*~ (stealth).
    90 | D:1      | Reached XP level 2. HP: 19/19 MP: 2/2
   250 | D:1      | 250 ||| Stepping ~*~*~tactically~*~*~ (stealth).
   265 | D:1      | Reached skill level 3 in Axes
   486 | D:1      | Reached XP level 3. HP: 23/23 MP: 3/3
   675 | D:1      | 675 ||| Stepping ~*~*~tactically~*~*~ (stealth).
   994 | D:1      | 994 ||| DROPPING +0 club.
  1034 | D:1      | 1034 ||| UPGRADING to ring of positive energy.
  1035 | D:1      | 1035 ||| READING 2 scrolls labelled VEXUAPLOIRO.
  1148 | D:2      | Found a snail-covered altar of Cheibriados.
  1391 | D:2      | 1391 ||| Stepping ~*~*~tactically~*~*~ (stealth).
  1392 | D:2      | 1392 ||| Stepping ~*~*~tactically~*~*~ (stealth).
  1393 | D:2      | 1393 ||| Stepping ~*~*~tactically~*~*~ (stealth).
  1502 | D:2      | Reached XP level 4. HP: 25/28 MP: 4/4
  1931 | D:2      | 1931 ||| READING scroll labelled QONYAN KAIVA.
  1932 | D:2      | 1932 ||| READING 2 scrolls of identify.
  1932 | D:2      | 1932 ||| IDENTIFYING fuming puce potion
  1986 | D:3      | 1986 ||| STAIRDANCE
  2118 | D:3      | Reached skill level 4 in Axes
  2280 | D:3      | Noticed a scorpion
  2288 | D:3      | Killed a scorpion
  2289 | D:3      | Reached skill level 5 in Axes
  2289 | D:3      | Reached XP level 5. HP: 30/32 MP: 5/5
  2399 | D:3      | 2399 ||| DROPPING +0 whip.
  2431 | D:3      | Found a white marble altar of Elyvilon.
  2434 | D:3      | 2434 ||| Stepping ~*~*~tactically~*~*~ (stealth).
  2697 | D:3      | Reached XP level 6. HP: 38/38 MP: 6/6
  2773 | D:3      | Found an iron altar of Okawaru.
  2774 | D:3      | 2774 ||| PLANNING OKAWARU WORSHIP
  2774 | D:3      | 2774 ||| UPGRADING to +0 chain mail.
  2784 | D:3      | 2784 ||| DROPPING +0 scale mail.
  2785 | D:3      | 2785 ||| UPGRADING to ring of resist corrosion.
  2786 | D:3      | 2786 ||| READING scroll labelled OBEBAHYADE.
  2787 | D:3      | 2787 ||| READING scroll labelled USUARH EGGUMOT.
  2788 | D:3      | 2788 ||| READING scroll labelled MIETRU POZIOTU.
  2789 | D:3      | 2789 ||| READING 2 scrolls of identify.
  2789 | D:3      | 2789 ||| IDENTIFYING black potion
  2793 | D:3      | Became a worshipper of Warmaster Okawaru
  2794 | D:3      | 2794 ||| PLANNING D:1-11
  3148 | D:4      | Found a shimmering blue altar of Sif Muna.
  3297 | D:4      | 3297 ||| Stepping ~*~*~tactically~*~*~ (stealth).
  3298 | D:4      | 3298 ||| Stepping ~*~*~tactically~*~*~ (stealth).
  3299 | D:4      | 3299 ||| Stepping ~*~*~tactically~*~*~ (stealth).
  3300 | D:4      | 3300 ||| Stepping ~*~*~tactically~*~*~ (hiding).
  3304 | D:4      | 3304 ||| Stepping ~*~*~tactically~*~*~ (stealth).
  3316 | D:4      | Reached skill level 6 in Axes
  3337 | D:4      | 3337 ||| Stepping ~*~*~tactically~*~*~ (stealth).
  3341 | D:4      | 3341 ||| Stepping ~*~*~tactically~*~*~ (stealth).
  3346 | D:4      | HP: 8/38 [orc wizard/puff of flame (9)]
  3347 | D:4      | 3347 ||| DRINKING potion of heal wounds.
  3351 | D:4      | Reached skill level 1 in Dodging
  3407 | D:4      | Found a blossoming altar of Fedhas.
  3440 | D:4      | HP: 3/38 [wight/+4 scimitar (12)]
  3441 | D:4      | Reached * piety under Okawaru
  3442 | D:4      | Reached XP level 7. HP: 3/43 MP: 7/7
  3733 | D:4      | Reached skill level 1 in Invocations
  3735 | D:4      | 3735 ||| INVOKING Heroism.
  3853 | D:4      | 3853 ||| INVOKING Heroism.
  4002 | D:4      | 4002 ||| Stepping ~*~*~tactically~*~*~ (stealth).
  4008 | D:4      | 4008 ||| Stepping ~*~*~tactically~*~*~ (hiding).
  4159 | D:4      | 4159 ||| INVOKING Heroism.
  4188 | D:4      | 4188 ||| FLEEEEING.
  4189 | D:4      | 4189 ||| FLEEEEING.
  4190 | D:4      | 4190 ||| FLEEEEING.
  4191 | D:4      | 4191 ||| FLEEEEING.
  4227 | D:4      | 4227 ||| Stepping ~*~*~tactically~*~*~ (water).
  4309 | D:4      | Reached skill level 7 in Axes
  4475 | D:4      | 4475 ||| UPGRADING to +0 helmet.
  4480 | D:4      | 4480 ||| UPGRADING to +0 plate armour.
  4490 | D:4      | 4490 ||| DROPPING +0 chain mail.
  4491 | D:4      | 4491 ||| READING 3 scrolls labelled QIATTA TUMYM ISU.
  4495 | D:4      | 4495 ||| READING scroll labelled IFOX VADIA.
  4496 | D:4      | 4496 ||| DRINKING 2 sapphire potions.
  4497 | D:4      | 4497 ||| DRINKING 2 amethyst potions.
  4498 | D:4      | 4498 ||| READING 2 scrolls of identify.
  4498 | D:4      | 4498 ||| IDENTIFYING smoky brown potion
  4499 | D:4      | 4499 ||| DROPPING potion of flight.
  4546 | D:5      | Entered Level 5 of the Dungeon
  4578 | D:5      | Found a stormy altar of Qazlal.
  4579 | D:5      | 4579 ||| Stepping ~*~*~tactically~*~*~ (stealth).
  4606 | D:5      | 4606 ||| Stepping ~*~*~tactically~*~*~ (hiding).
  4608 | D:5      | 4608 ||| Stepping ~*~*~tactically~*~*~ (hiding).
  4609 | D:5      | 4609 ||| Stepping ~*~*~tactically~*~*~ (hiding).
  4616 | D:5      | 4616 ||| INVOKING Heroism.
  4622 | D:5      | HP: 8/43 [gnoll sergeant/+2 trident of protection (9)]
  4623 | D:5      | 4623 ||| READING 2 scrolls of teleportation.
  4623 | D:5      | HP: 3/43 [gnoll/+0 club[a gnoll sergeant] (1)]
  4624 | D:5      | Slain by a gnoll sergeant

Levels and vault maps discovered:
D:1:      lightli_iron_boxes, layout_basic
D:2:      layout_basic, shapermc_ecumenical_altar_petra, basic_altar
D:3:      layout_rooms, mainiacjoe_overflow_cross_hatched, marbit_many_paths
D:4:      layout_basic, fedhas_ov_isle_minmay, lemuel_blue_sif_altar
D:5:      layout_rooms, grunt_qazlal_sundering

Skill      XL: |  1  2  3  4  5  6  7 |
---------------+----------------------+-----
Axes           | 2 3 5 6 7 |  7.0
Fighting       | 4 |  4.0
Dodging        | 1 |  1.1
Invocations    | 2 |  2.8
Armour         | |  3.4
Shields        | |  3.2

Action                   |  1- 3 |  4- 6 |  7- 9 || total
-------------------------+-------+-------+-------++-------
Melee: War axe           |    86 |   145 |    84 ||   315
Invok: Heroism           |       |       |     4 ||     4
  Use: Scroll            |     1 |     6 |     4 ||    11
       Potion            |       |     1 |     2 ||     3
Armor: Scale mail        |    51 |    38 |       ||    89
       Chain mail        |       |    44 |    25 ||    69
       Plate armour      |       |       |    14 ||    14
Dodge: Dodged            |    41 |    45 |    26 ||   112
Block: Buckler           |    20 |    22 |    16 ||    58

Table legend:
 A = Non-vault XP
 B = Vault XP
 C = Vault XP percentage of total XP
 D = Non-vault monster count
 E = Vault monster count
 F = Vault count percentage of total count
                 A         B        C        D         E       F
            +---------+---------+-------+---------+---------+-------
      Total |    1120 |       2 |   0.2 |      94 |       1 |   1.1
            +---------+---------+-------+---------+---------+-------
        D:1 |      50 |       0 |   0.0 |      27 |       0 |   0.0
        D:2 |      41 |       0 |   0.0 |      12 |       0 |   0.0
        D:3 |     228 |       2 |   0.9 |      22 |       1 |   4.3
        D:4 |     748 |       0 |   0.0 |      30 |       0 |   0.0
        D:5 |      53 |       0 |   0.0 |       3 |       0 |   0.0
            +---------+---------+-------+---------+---------+-------
